 Dungeon Crawl Stone Soup version 0.27-a0-1312-g5cdb2b3542 (webtiles) character file.

Game seed: 381495640682534698

169422 tilp the Impaler (level 17, -2/140 HPs)
             Began as a Barachi Summoner on June 20, 2021.
             Was the Champion of Okawaru.
             Slain by a jumping spider (5 damage)
             ... on level 4 of the Spider Nest.
             The game lasted 01:48:23 (61940 turns).

tilp the Impaler (Barachi Summoner)                Turns: 61940, Time: 01:48:24

Health: -2/140     AC: 30    Str: 19    XL:     17   Next: 97%
Magic:  4/26       EV:  8    Int: 19    God:    Okawaru [******]
Gold:   1873       SH:  0    Dex: 17    Spells: 10/28 levels left

rFire    + + .     SeeInvis .   b - +8 glaive of the Guard {elec, spectral, AC+5}
rCold    . . .     Faith    +   (shield currently unavailable)
rNeg     . . .     Spirit   .   F - +6 scale mail {Will+}
rPois    +         Reflect  .   l - +1 helmet of Seuroemi {rF+ Int+4 Dex-3}
rElec    +         Harm     .   Q - +2 cloak {rCorr}
rCorr    +         Rampage  .   j - +2 pair of gloves {Str+3}
Will     ++...                  f - +2 pair of boots
Stlth    ++++......             o - amulet of faith
HPRegen  0.33/turn              y - ring "Satt" {Wiz rElec rF+ Dex+4}
MPRegen  0.20/turn              S - ring of poison resistance

@: heroic, unable to hop, held, slow
A: amphibious, slowness 1, strong legs 2, +LOS, thin skeletal structure 1
a: Hop, Renounce Religion, Heroism, Finesse


You were on level 4 of the Spider Nest.
You worshipped Okawaru.
Okawaru was exalted by your worship.
You visited 5 branches of the dungeon, and saw 28 of its levels.
You also visited: Ossuary and Gauntlet.

You collected 2998 gold pieces.
You spent 1125 gold pieces at shops.

Inventory:

Hand Weapons
 a - a +4 bardiche of freezing
 b - the +8 glaive of the Guard (weapon) {elec, spectral, AC+5}
   (Okawaru gifted it to you on level 13 of the Dungeon)

   Occasionally, upon striking a foe, it can discharge electrical energy and
   cause terrible harm.
   When it strikes, its spirit leaps out and fights alongside the wielder.
   It affects your AC (+5).
 D - the +5 demon trident of the Warrior {flame, Str+3 Int+2 Stlth+}
   (Okawaru gifted it to you in a Gauntlet)

   It has been specially enchanted to burn those struck by it, causing extra
   injury to most foes and up to half again as much damage against particularly
   susceptible opponents.
   It affects your strength (+3).
   It affects your intelligence (+2).
   It makes you more stealthy.
Missiles
 n - 14 curare-tipped darts
 p - 5 throwing nets
 u - 87 poisoned darts (quivered)
Armour
 f - a +2 pair of boots (worn)
 j - a +2 pair of gloves of strength (worn)
 l - the +1 helmet of Seuroemi (worn) {rF+ Int+4 Dex-3}
   (You found it in a Gauntlet)

   It affects your intelligence (+4).
   It affects your dexterity (-3).
   It protects you from fire.
 F - a +6 scale mail of willpower (worn)
 I - the +13 crystal plate armour "Acluihat" {Str+5 Int+3 Dex-3}
   (Okawaru gifted it to you on level 12 of the Dungeon)

   It affects your strength (+5).
   It affects your intelligence (+3).
   It affects your dexterity (-3).
 J - the +1 kite shield of the Solstice {rF+ rN++ Regen+ Str-2}
   (Okawaru gifted it to you on level 2 of the Lair of Beasts)

   It affects your strength (-2).
   It protects you from fire.
   It greatly protects you from negative energy.
   It increases your rate of health regeneration.
 Q - a +2 cloak of preservation (worn)
 Z - a scarf of shadows
Jewellery
 d - a ring of ice
 o - an amulet of faith (around neck)
 v - a ring of resist corrosion
 x - a ring of see invisible
 y - the ring "Satt" (left hand) {Wiz rElec rF+ Dex+4}
   (You found it on level 4 of the Dungeon)

   [ring of wizardry]

   It improves your spell success rate.
   It affects your dexterity (+4).
   It protects you from fire.
   It insulates you from electricity.
 S - a ring of poison resistance (right hand)
 T - a ring of the Octopus King {rF+ AC+1 EV+1 Str+1 Int+1 Dex+1}
   (You found it on level 10 of the Dungeon)

   [ring of protection from fire]

   It affects your AC (+1).
   It affects your evasion (+1).
   It affects your strength (+1).
   It affects your intelligence (+1).
   It affects your dexterity (+1).
   It protects you from fire.
Wands
 q - a wand of digging (11)
 B - a wand of acid (5)
 K - a wand of mindburst (14)
 M - a wand of flame (173)
 O - a wand of iceblast (34)
 X - a wand of polymorph (29)
Scrolls
 m - a scroll of fog
 t - 12 scrolls of identify
 z - 4 scrolls of fear
 G - 2 scrolls of blinking
 L - 7 scrolls of teleportation
 N - 2 scrolls of holy word
 R - a scroll of silence
 U - a scroll of brand weapon
 V - a scroll of summoning
Potions
 c - 9 potions of curing
 g - 2 potions of cancellation
 h - 5 potions of heal wounds
 i - 4 potions of haste
 k - a potion of invisibility
 r - 3 potions of resistance
 s - a potion of ambrosia
 E - 2 potions of attraction
 H - 6 potions of magic
 P - 2 potions of berserk rage
 W - 6 potions of might
 Y - 2 potions of flight
Miscellaneous
 e - a phial of floods
 w - a condenser vane
 A - a phantom mirror
 C - a tin of tremorstones (2/2)


   Skills:
 + Level 14.8(19.8) Fighting
 - Level 20.0(25.0) Polearms
 - Level 6.0(11.0) Dodging
 - Level 4.0(9.0) Stealth
 - Level 6.0 Spellcasting
 - Level 15.0 Summonings
 - Level 4.0 Ice Magic
 - Level 4.0 Air Magic
 - Level 10.0 Invocations
 - Level 6.0 Evocations


You had 10 spell levels left.
You knew the following spells:

 Your Spells              Type           Power      Damage    Failure   Level
a - Summon Small Mammal   Summ           100%       N/A       1%          1
b - Call Imp              Summ           58%        N/A       1%          2
c - Call Canine Familiar  Summ           58%        N/A       1%          3
d - Summon Guardian Gole  Hex/Summ       34%        N/A       1%          3
e - Summon Ice Beast      Ice/Summ       41%        N/A       2%          4
f - Summon Lightning Spi  Summ/Air       41%        N/A       2%          4
g - Apportation           Tloc           10%        N/A       12%         1

Your spell library contained the following spells:

 Spells                   Type           Power      Damage    Failure   Level
 Shock                    Conj/Air       52%        1d6       6%          1
 Swiftness                Air            20%        N/A       8%          3
 Corpse Rot               Necr/Air       N/A        N/A       9%          2
 Ensorcelled Hibernation  Hex/Ice        26%        N/A       9%          2
 Static Discharge         Conj/Air       13%        N/A       9%          2
 Animate Skeleton         Necr           10%        N/A       12%         1
 Beastly Appendage        Tmut           10%        N/A       12%         1
 Corona                   Hex            5%         N/A       12%         1
 Magic Dart               Conj           20%        1d4       12%         1
 Pain                     Necr           20%        1d5       12%         1
 Sandblast                Erth           10%        2d5       12%         1
 Summon Forest            Summ/Tloc      17%        N/A       16%         5
 Blink                    Tloc           N/A        N/A       19%         2
 Passwall                 Tmut/Erth      4%         N/A       19%         2
 Searing Ray              Conj           10%        3d3       19%         2
 Slow                     Hex            5%         N/A       19%         2
 Wereblood                Tmut           5%         N/A       19%         2
 Mephitic Cloud           Conj/Pois/Air  10%        N/A       22%         3
 Summon Hydra             Summ           29%        N/A       22%         7
 Airstrike                Air            10%        N/A       24%         4
 Confusing Touch          Hex            5%         N/A       34%         3
 Conjure Flame            Conj/Fire      5%         6-21      34%         3
 Dazzling Flash           Conj/Hex       10%        N/A       34%         3
 Gell's Gravitas          Tloc           2%         N/A       34%         3
 Inner Flame              Hex/Fire       5%         N/A       34%         3
 Lesser Beckoning         Tloc           2%         N/A       34%         3
 Portal Projectile        Hex/Tloc       10%        N/A       34%         3
 Spider Form              Tmut/Pois      2%         N/A       34%         3
 Stone Arrow              Conj/Erth      10%        3d7       34%         3
 Teleport Other           Tloc           5%         N/A       34%         3
 Tukima's Dance           Hex            5%         N/A       34%         3
 Vampiric Draining        Necr           2%         2d6       34%         3
 Ice Form                 Ice/Tmut       13%        N/A       45%         4
 Animate Dead             Necr           2%         N/A       73%         4
 Cause Fear               Hex            2%         N/A       73%         4
 Fulminant Prism          Conj/Hex       2%         3d6       73%         4
 Iskenderun's Mystic Bla  Conj/Tloc      5%         2d3       73%         4
 Leda's Liquefaction      Hex/Erth       2%         N/A       73%         4
 Petrify                  Tmut/Erth      5%         N/A       73%         4
 Lightning Bolt           Conj/Air       6%         1d18      80%         5
 Silence                  Hex/Air        6%         N/A       80%         5
 Agony                    Necr           5%         N/A       96%         5
 Alistair's Intoxication  Tmut/Pois      3%         N/A       96%         5
 Lee's Rapid Deconstruct  Erth           2%         3d6*      96%         5
 Manifold Assault         Tloc           5%         N/A       96%         5
 Conjure Ball Lightning   Conj/Air       6%         3x3d6     100%        6
 Eringya's Noxious Bog    Tmut/Pois      2%         N/A       100%        6
 Invisibility             Hex            2%         N/A       100%        6
 Storm Form               Tmut/Air       6%         N/A       100%        7
 Ignition                 Fire           2%         3d3       100%        8
 Polar Vortex             Ice            10%        N/A       100%        9
 Shatter                  Erth           2%         3d6*      100%        9


Dungeon Overview and Level Annotations

Branches:
Dungeon (15/15)            Temple (1/1) D:6            Lair (6/6) D:10
 Shoals (0/4) Lair:4       Spider (4/4) Lair:4        Slime (0/5) Lair:5
    Orc (2/2) D:12            Elf (0/3) Orc:2        Vaults (0/5) D:13
 Depths (0/5) D:15        Ossuary (visited)         Gauntlet (visited)

Altars:
Ashenzari
Cheibriados
Dithmenos
Elyvilon
Fedhas
Gozag
Hepliaklqana
Kikubaaqudgha
Makhleb
Nemelex Xobeh
Okawaru
Qazlal
Ru
Sif Muna
Trog
Uskayaw
Vehumet
Wu Jian
Xom
Yredelemnul
Zin
The Shining One
Jiyva

Shops:
D:11 :   D:12 [   Orc:2 (!::

Portals:
Trove: D:10 (give 6 scrolls of fog)

Annotations:
Spider:2 exclusion: 2 oklob plants
Spider:4 Arachne, Roxanne


Innate Abilities, Weirdness & Mutations

You are amphibious.
You cover ground slowly.
You can hop long distances.
You have an extended range of vision and can be seen from far away.
You have a somewhat thin skeletal structure. (Dex +2, Stealth+)


Message History

The jumping spider pounces on you but does no damage.
The jumping spider bites you but does no damage.
The demonic crawler hits you.
* * * LOW HITPOINT WARNING * * *
The demonic crawler hits you but does no damage.
The demonic crawler hits you.
* * * LOW HITPOINT WARNING * * *
The jumping spider misses your ice beast.
The jumping spider bites your ice beast.
Your ice beast hits the demonic crawler.
Your ice beast freezes the demonic crawler.
The demonic crawler resists.
You slice the demonic crawler!!
The demonic crawler is severely wounded.
Your spectral +8 glaive of the Guard {elec, spectral, AC+5} hits the demonic crawler!!
You kill the demonic crawler!
Okawaru accepts your kill.
The jumping spider pounces on you but does no damage.
The jumping spider completely misses you.
Your lightning spire shoots out a bolt of lightning at the jumping spider!
The bolt of electricity hits the jumping spider!
Your ice beast misses the jumping spider.
The jumping spider leaps!
You slice the jumping spider!!
The jumping spider is almost dead.
Your spectral +8 glaive of the Guard {elec, spectral, AC+5} hits the jumping spider from afar!!
You kill the jumping spider!
Okawaru accepts your kill.
The jumping spider leaps!
You swap places.
Your ice beast disappears in a puff of smoke!
The jumping spider leaps!
You see here a jumping spider corpse.
Unknown command.
The jumping spider leaps!
Your ice beast evades a web.
The jumping spider leaps!
The jumping spider pounces on you!
* * * LOW HITPOINT WARNING * * *
You are caught in a web!
The jumping spider bites you.
You die...

#.........##........
#.........##........
#..........##........
#.^.........#..^....^.
#.........#######^....
#.#....#### #..#.... #
#....#.#####......
##...s..#...^...
###..@.#.^.###
##......^#.###
###sy†......##
#8††.........
##...........
##....Y......#
##.....^#......
#..............
#^..#..†.○.....


You could see a moth of wrath, 2 jumping spiders and a friendly ice beast
(summoned).

Vanquished Creatures
  Nikola (Spider:2)
  Jorgrun (D:12)
  Rupert (Lair:4)
  Kirke (Lair:6)
  Agnes (Spider:4)
  5 emperor scorpions
  An orc warlord (D:12)
  A fire giant (D:12)
  A ghost moth (Spider:2)
  A very ugly thing (D:11)
  A minotaur (Gauntlet)
  7 entropy weavers
  The ghost of askman the Timeless, a journeyman DsFi of Cheibriados (Lair:3)
  Azrael (D:12)
  A spark wasp (Spider:3)
  Snorg (D:13)
  Josephine (Orc:1)
  2 ettins (D:12)
  5 vault guards
  Harold (Lair:2)
  5 hydras
  6 boulder beetles
  The ghost of Relic the Carver, a journeyman HuFi of the Shining One (D:10)
  6 centaur warriors
  3 two-headed ogres
  A death knight (D:15)
  A death yak (Lair:6)
  An orc high priest (Orc:2)
  An obsidian statue (D:10)
  3 orc knights
  A mana viper (shapeshifter) (D:15)
  3 wizards
  4 deep elf pyromancers
  An oklob plant (Lair:4)
  24 wolf spiders
  9 ugly things
  6 orb spiders
  5 orc sorcerers
  7 manticores
  2 cyclopes (D:13)
  A salamander (D:15)
  5 black mambas (Lair:6)
  8 elephants
  A moth of wrath (Spider:3)
  4 gargoyles
  Maurice (D:8)
  A cane toad (shapeshifter) (D:15)
  2 torpor snails
  Maggie (D:6)
  13 cane toads
  13 demonic crawlers
  A kobold demonologist (D:13)
  2 rime drakes
  10 komodo dragons
  A freezing wraith (D:14)
  A yaktaur (D:15)
  2 tengu conjurers (D:15)
  9 trolls
  32 jumping spiders
  7 hornets
  Prince Ribbit (D:6)
  3 polar bears (Lair:6)
  Grinder (D:6)
  6 slime creatures
  A hornet (shapeshifter) (D:15)
  4 blink frogs
  2 dream sheep (Lair:6)
  3 shadows
  13 spriggans
  A vampire (D:13)
  7 wraiths
  62 redbacks
  24 tarantellas
  3 hogs (Lair:6)
  2 fire elementals (D:12)
  41 yaks
  2 wyverns
  Eustachio (D:6)
  2 basilisks
  6 vampire mosquitoes
  7 wargs
  2 hell hounds (D:12)
  30 orc warriors
  12 water moccasins
  An ice beast (D:8)
  3 sky beasts
  3 hornet zombies
  3 black bears (Lair:6)
  12 boggarts
  29 wolves
  8 centaurs
  2 phantoms
  4 ogres
  3 kobold brigands
  5 bullfrogs
  2 scorpions (D:6)
  2 water moccasin zombies (Ossuary)
  3 killer bees (D:9)
  5 wights
  An electric eel (Lair:4)
  2 howler monkeys
  3 centaur zombies
  16 orc priests
  3 hounds
  A jelly (D:7)
  A bullfrog skeleton (D:6)
  An iguana (D:4)
  4 hell rats
  36 orc wizards
  A killer bee zombie (D:5)
  2 mummies (Ossuary)
  A hound zombie (D:5)
  3 gnolls (D:3)
  5 adders
  5 adder zombies
  91 orcs
  2 bats
  3 endoplasms (D:4)
  2 giant cockroaches
  3 goblins
  A hobgoblin (D:2)
  6 jackals
  16 kobolds
  6 ball pythons
  2 frilled lizards
  4 gnoll zombies (Ossuary)
  4 hobgoblin zombies (Ossuary)
  A kobold zombie (Ossuary)
  5 orc zombies (Ossuary)
  3 rats (D:3)
  A spectral kobold (D:15)
796 creatures vanquished.

Vanquished Creatures (collateral kills)
  The ghost of Acigobe the Bludgeoner, a journeyman DgWn (Lair:6)
  4 hydras
  Erica (D:9)
  Urug (D:13)
  Pikel (D:8)
  4 ugly things
  An orc sorcerer (Orc:2)
  2 cyclopes (D:12)
  4 merfolk sirens (Lair:4)
  An elephant (Lair:4)
  A black mamba (Lair:6)
  2 torpor snails
  6 cane toads
  A rime drake (Lair:6)
  2 komodo dragons
  An unseen horror (D:11)
  A hornet (Lair:6)
  A jumping spider (Lair:4)
  2 polar bears
  A blink frog (Lair:5)
  2 slime creatures (D:12)
  2 redbacks
  A vampire (D:12)
  4 spriggans
  A tarantella (Spider:2)
  A fire bat (Lair:2)
  2 wyverns (D:4)
  A basilisk (Lair:4)
  15 yaks
  2 vampire mosquitoes
  2 steam dragons
  2 acid dragons
  3 water moccasins
  4 orc warriors
  A black bear (Lair:6)
  An ogre (D:12)
  A boggart (Lair:6)
  8 wolves
  2 centaurs
  A kobold brigand (D:8)
  A gnoll sergeant (D:12)
  2 bullfrogs
  A scorpion (D:5)
  A wyvern zombie (D:9)
  A wight (D:7)
  3 killer bees (D:9)
  A centaur zombie (D:5)
  6 orc priests
  A gnoll shaman (D:3)
  4 hounds
  2 iguanas
  6 orc wizards
  12 gnolls
  2 adders
  2 worms
  2 dart slugs (D:1)
  29 orcs
  3 bats
  3 endoplasms
  4 goblins
  4 hobgoblins
  12 jackals
  4 kobolds
  A quokka (D:1)
  A frilled lizard (D:1)
  A hobgoblin zombie (Ossuary)
  2 orc zombies (Ossuary)
205 creatures vanquished.

Vanquished Creatures (others)
  A wizard (D:11)
  An unseen horror (D:12)
  A human (Lair:6)
  Crazy Yiuf (D:3)
  An orc priest (Orc:1)
  An orc wizard (Orc:1)
  2 orcs
  42 fungi
  63 plants
113 creatures vanquished.

Grand Total: 1114 creatures vanquished

Notes
Turn   | Place    | Note
-------+----------+-------------------------------------------
     0 | D:1      | tilp the Barachi Summoner began the quest for the Orb.
     0 | D:1      | Reached XP level 1. HP: 13/13 MP: 3/3
   330 | D:1      | Reached skill level 1 in Fighting
   784 | D:1      | Reached XP level 2. HP: 12/22 MP: 0/5
   838 | D:1      | Learned a level 2 spell: Call Imp
   985 | D:1      | Reached skill level 5 in Summonings
  1944 | D:2      | Reached XP level 3. HP: 22/27 MP: 3/6
  1948 | D:2      | Learned a level 3 spell: Call Canine Familiar
  3456 | D:3      | Reached XP level 4. HP: 33/33 MP: 5/8
  3662 | D:3      | Found a runed translucent door.
  3663 | D:3      | Noticed Crazy Yiuf
  4364 | D:3      | Reached XP level 5. HP: 34/38 MP: 4/10
  4723 | D:3      | Reached XP level 6. HP: 15/46 MP: 4/12
  6146 | D:4      | Found a large runed translucent door.
  6374 | D:4      | Reached XP level 7. HP: 38/54 MP: 13/13
  6726 | D:4      | Identified the ring "Satt" {Wiz rElec rF+ Dex+4}
  6749 | D:3      | Learned a level 3 spell: Summon Guardian Golem
  6754 | D:3      | Learned a level 4 spell: Summon Ice Beast
  6872 | D:4      | Found a large runed translucent door.
  6944 | D:4      | Noticed a wyvern
  6956 | D:4      | Killed a wyvern
  7526 | D:4      | Found a large runed translucent door.
  7526 | D:4      | Found a large runed translucent door.
  7553 | D:4      | Noticed a wyvern
  7569 | D:4      | Killed a wyvern
  7684 | D:4      | Identified the +6 spear of Plunder {vorpal, rPois Will+
                  | Str+3}
  7770 | D:5      | Entered Level 5 of the Dungeon
  7919 | D:5      | Reached XP level 8. HP: 56/60 MP: 11/14
  8092 | D:5      | Reached skill level 1 in Polearms
  8141 | D:5      | Found a glowing golden altar of the Shining One.
  8323 | D:5      | Reached skill level 2 in Polearms
  8368 | D:5      | Reached skill level 5 in Fighting
  8666 | D:6      | Noticed Eustachio
  8907 | D:6      | Noticed Grinder
  8995 | D:6      | Found a staircase to the Ecumenical Temple.
  9171 | D:6      | Reached skill level 3 in Polearms
  9191 | D:6      | Noticed Prince Ribbit
  9369 | D:6      | Reached skill level 4 in Polearms
  9378 | D:6      | Killed Prince Ribbit
  9379 | D:6      | Reached skill level 5 in Polearms
  9380 | D:6      | Noticed Maggie
  9398 | D:6      | Killed Maggie
  9399 | D:6      | Reached skill level 6 in Polearms
  9399 | D:6      | Reached skill level 1 in Ice Magic
  9399 | D:6      | Reached XP level 9. HP: 63/69 MP: 6/15
  9809 | D:6      | Noticed a komodo dragon
 10246 | D:6      | Killed a komodo dragon
 10305 | D:6      | Identified the +12 hunting sling "Ixtachow" {venom, Dex+3}
 10322 | Temple   | Entered the Ecumenical Temple
 10506 | Temple   | Became a worshipper of Warmaster Okawaru
 11501 | D:7      | Reached skill level 10 in Summonings
 11516 | D:7      | Reached * piety under Okawaru
 11529 | D:7      | Found a sand-covered staircase.
 11636 | Ossuary  | Entered an ossuary
 11670 | Ossuary  | Reached skill level 1 in Invocations
 13051 | D:3      | Killed Crazy Yiuf
 13850 | D:8      | Reached XP level 10. HP: 68/76 MP: 8/16
 13945 | D:8      | Reached skill level 5 in Spellcasting
 13971 | D:8      | Reached ** piety under Okawaru
 14108 | D:8      | Noticed Pikel
 14127 | D:8      | Killed Pikel
 14133 | D:8      | Learned a level 4 spell: Summon Lightning Spire
 14311 | D:8      | Reached skill level 1 in Air Magic
 14959 | D:8      | Noticed Maurice
 14962 | D:8      | Killed Maurice
 15737 | D:9      | Reached *** piety under Okawaru
 15918 | D:9      | Reached skill level 1 in Evocations
 16041 | D:9      | Reached **** piety under Okawaru
 16047 | D:9      | Reached XP level 11. HP: 66/81 MP: 5/20
 16366 | D:9      | Noticed Erica
 16387 | D:9      | Killed Erica
 16619 | D:9      | Reached ***** piety under Okawaru
 17746 | D:10     | Entered Level 10 of the Dungeon
 18131 | D:10     | Found a staircase to the Lair.
 18375 | D:10     | Noticed a two-headed ogre
 18420 | D:10     | Found an opulent altar of Gozag.
 18420 | D:10     | Noticed Relic's ghost (journeyman HuFi)
 18420 | D:10     | Noticed an obsidian statue
 18420 | D:10     | Noticed an orc knight
 18421 | D:10     | Found a runed translucent gate.
 18421 | D:10     | Found a runed translucent gate.
 18421 | D:10     | Found a runed translucent gate.
 18421 | D:10     | Noticed a boulder beetle
 18563 | D:10     | Found the ring of the Octopus King
 18571 | D:10     | Identified a ring of the Octopus King {rF+ AC+1 EV+1 Str+1
                  | Int+1 Dex+1}
 18601 | D:10     | Killed a two-headed ogre
 18602 | D:10     | Reached skill level 5 in Invocations
 19124 | D:10     | Noticed a vault guard
 19158 | D:10     | Reached skill level 7 in Polearms
 19769 | D:11     | Noticed a brown ugly thing
 19769 | D:11     | Noticed a green ugly thing
 21162 | D:11     | Found Ehaof's Self-Improvement Boutique.
 21519 | D:6      | Killed Grinder
 21649 | D:6      | Killed Eustachio
 21860 | Lair:1   | Entered Level 1 of the Lair of Beasts
 22498 | Lair:1   | Received a gift from Okawaru
 23486 | Lair:1   | Reached skill level 8 in Polearms
 23490 | Lair:1   | Reached ****** piety under Okawaru
 23496 | Lair:1   | HP: 3/86 [wolf (9)]
 24147 | Lair:1   | Received a gift from Okawaru
 24521 | Lair:2   | Noticed Sonja
 24544 | Lair:2   | Reached XP level 12. HP: 84/92 MP: 8/21
 25200 | Lair:2   | Noticed Harold
 25338 | Lair:2   | Identified the +1 kite shield of the Solstice {rF+ rN++
                  | Regen+ Str-2} (Okawaru gifted it to you on level 2 of the
                  | Lair of Beasts)
 25338 | Lair:2   | Received a gift from Okawaru
 25367 | Lair:2   | Reached skill level 9 in Polearms
 26097 | Lair:2   | Killed Harold
 26593 | Lair:2   | Reached skill level 10 in Polearms
 26961 | Lair:3   | Found a runed translucent gate.
 26961 | Lair:3   | Found a runed translucent gate.
 26961 | Lair:3   | Found a runed translucent gate.
 27108 | Lair:3   | Noticed askman's ghost (journeyman DsFi)
 27450 | Lair:3   | Reached skill level 10 in Fighting
 27450 | Lair:3   | Reached skill level 11 in Polearms
 27450 | Lair:3   | Gained mutation: You can hop long distances. [Barachi
                  | growth]
 27450 | Lair:3   | Reached XP level 13. HP: 103/104 MP: 22/22
 27613 | Lair:3   | Reached skill level 12 in Polearms
 27972 | Lair:4   | Noticed Rupert
 27974 | Lair:4   | Paralysed by Rupert for 2 turns
 28028 | Lair:4   | Killed Rupert
 28820 | Lair:4   | Received a gift from Okawaru
 29494 | Lair:4   | Found a staircase to the Shoals.
 29843 | Lair:4   | Found a hole to the Spider Nest.
 30343 | Lair:4   | Learned a level 1 spell: Apportation
 30508 | Lair:5   | Found a staircase to the Slime Pits.
 30508 | Lair:5   | Found a viscous altar of Jiyva.
 31215 | Lair:5   | Reached skill level 5 in Evocations
 31215 | Lair:5   | Reached XP level 14. HP: 115/115 MP: 7/23
 31554 | Lair:5   | Reached skill level 5 in Dodging
 32608 | Lair:2   | Noticed Sonja
 32608 | Lair:2   | Sonja changed into Sonja the fire bat
 32613 | Lair:2   | Killed Sonja the fire bat
 33100 | D:11     | Noticed a green very ugly thing
 33121 | D:11     | Identified the +7 glaive "Fish" {holy, Drain rElec rPois}
                  | (Okawaru gifted it to you on level 11 of the Dungeon)
 33121 | D:11     | Received a gift from Okawaru
 33130 | D:11     | Killed a purple very ugly thing
 34398 | D:12     | Reached skill level 10 in Invocations
 34669 | D:12     | Received a gift from Okawaru
 34856 | D:12     | Noticed a fire giant
 34885 | D:12     | Killed a fire giant
 34885 | D:12     | Identified the +13 crystal plate armour "Acluihat" {Str+5
                  | Int+3 Dex-3} (Okawaru gifted it to you on level 12 of the
                  | Dungeon)
 34885 | D:12     | Received a gift from Okawaru
 35380 | D:12     | Noticed Azrael
 35462 | D:12     | Found Yrumepe's Antique Armour Shop.
 35672 | D:12     | Killed Azrael
 36014 | D:12     | Found a staircase to the Orcish Mines.
 36820 | D:10     | Found a portal to a secret trove of treasure.
 38151 | D:10     | Gained mutation: You have a somewhat thin skeletal
                  | structure. (Dex +2, Stealth+) [a neqoxec]
 38373 | D:10     | Found a staircase to the Lair.
 38386 | D:10     | Killed Relic's ghost
 38600 | Lair:3   | Killed askman's ghost
 39108 | Lair:6   | Entered Level 6 of the Lair of Beasts
 39120 | Lair:6   | Received a gift from Okawaru
 40186 | Lair:6   | Reached skill level 15 in Summonings
 41170 | Lair:6   | Reached XP level 15. HP: 83/120 MP: 24/24
 41659 | Lair:6   | Noticed Kirke
 41666 | Lair:6   | Noticed a sphinx
 42712 | Lair:6   | Reached skill level 13 in Polearms
 42908 | Lair:6   | Killed Kirke
 43114 | Lair:6   | Found a runed translucent gate.
 43116 | Lair:6   | Found a runed translucent gate.
 43118 | Lair:6   | Found a runed translucent gate.
 43239 | Lair:6   | Paralysed by a hornet for 1 turns
 44246 | Lair:6   | Identified the +1 helmet "Wyireab" {*Slow rF+++ rC- Int+7}
                  | (Okawaru gifted it to you on level 6 of the Lair of Beasts)
 44246 | Lair:6   | Received a gift from Okawaru
 44281 | Lair:6   | Reached skill level 14 in Polearms
 45347 | Lair:6   | Noticed Acigobe's ghost (journeyman DgWn)
 45369 | Lair:6   | Killed Acigobe's ghost
 45665 | Orc:1    | Entered Level 1 of the Orcish Mines
 45667 | Orc:1    | Noticed Jorgrun
 45707 | D:12     | Killed Jorgrun
 46252 | Orc:1    | Noticed Josephine
 46266 | Orc:1    | Killed Josephine
 46267 | Orc:1    | Reached skill level 15 in Polearms
 46272 | Orc:1    | Noticed an orc warlord
 46956 | D:12     | Killed an orc warlord
 47777 | D:12     | Identified the +1 pair of boots "Fegipt" {Harm} (Okawaru
                  | gifted it to you on level 12 of the Dungeon)
 47777 | D:12     | Received a gift from Okawaru
 48430 | Orc:2    | Entered Level 2 of the Orcish Mines
 49602 | Orc:2    | Paralysed by an orc sorcerer for 7 turns
 49935 | Orc:2    | HP: 2/114 [orc warrior[an orc knight] (22)]
 50559 | Orc:2    | Reached skill level 16 in Polearms
 50559 | Orc:2    | Reached XP level 16. HP: 113/124 MP: 11/25
 50915 | Orc:2    | Found Lege's Distillery.
 50915 | Orc:2    | Found Wowot's Book Shop.
 50915 | Orc:2    | Found Irorphil's Book Shop.
 50920 | Orc:2    | Found Jajuos's Antique Weapon Boutique.
 50990 | Orc:2    | Found a staircase to the Elven Halls.
 51036 | Orc:2    | Bought a Fen Folio for 1125 gold pieces
 51397 | D:13     | Noticed Snorg
 51416 | D:13     | Killed Snorg
 51746 | D:13     | Noticed Urug
 51756 | D:13     | Killed Urug
 52338 | D:13     | Found a gate to the Vaults.
 52392 | D:13     | Received a gift from Okawaru
 52393 | D:13     | Found the +8 glaive of the Guard {elec, spectral, AC+5}
 52896 | D:14     | Found a gate leading to a gauntlet.
 52915 | D:14     | Reached skill level 17 in Polearms
 52947 | Gauntlet | Entered a Gauntlet
 52947 | Gauntlet | Found a transporter.
 52955 | Gauntlet | Found a transporter.
 52956 | Gauntlet | Found a runed translucent door.
 52956 | Gauntlet | Found a runed translucent door.
 52966 | Gauntlet | Found a transporter.
 52971 | Gauntlet | Found a transporter.
 52984 | Gauntlet | Found a transporter.
 53002 | Gauntlet | Found a runed translucent gate.
 53003 | Gauntlet | Found a transporter.
 53003 | Gauntlet | Found a runed translucent gate.
 53004 | Gauntlet | Found a runed translucent gate.
 53008 | Gauntlet | Found a transporter.
 53012 | Gauntlet | Found a transporter.
 53028 | Gauntlet | Found a transporter.
 53051 | Gauntlet | Found a transporter.
 53052 | Gauntlet | Found a transporter.
 53060 | Gauntlet | Found a transporter.
 53248 | Gauntlet | Identified the +1 helmet of Seuroemi {rF+ Int+4 Dex-3}
 53454 | Gauntlet | Identified the +6 spear "Emeralet" {chaos, rElec Str-5
                  | Dex+2}
 53463 | Gauntlet | Identified the +5 demon trident of the Warrior {flame,
                  | Str+3 Int+2 Stlth+} (Okawaru gifted it to you in a
                  | Gauntlet)
 53463 | Gauntlet | Received a gift from Okawaru
 54374 | D:15     | Entered Level 15 of the Dungeon
 55047 | D:15     | Found a hazy altar of Hepliaklqana.
 55220 | D:15     | Reached skill level 18 in Polearms
 55783 | D:15     | Found a staircase to the Depths.
 55791 | D:15     | Received a gift from Okawaru
 56635 | Spider:1 | Entered Level 1 of the Spider Nest
 56859 | Spider:1 | Identified the +2 ring mail of Gravitas {rC- rN+++ Dex+4}
 57527 | Spider:2 | Reached XP level 17. HP: 133/133 MP: 26/26
 57605 | Spider:2 | Reached skill level 19 in Polearms
 58044 | Spider:2 | Noticed Nikola
 58052 | Spider:2 | Killed Nikola
 58166 | Spider:2 | Received a gift from Okawaru
 59413 | Spider:3 | Received a gift from Okawaru
 59498 | Spider:3 | Reached skill level 20 in Polearms
 59510 | Spider:3 | HP: 2/133 [emperor scorpion (5)]
 60729 | Spider:3 | Received a gift from Okawaru
 61204 | Spider:4 | Entered Level 4 of the Spider Nest
 61204 | Spider:4 | Identified Roxanne's Disquisition on Stones
 61204 | Spider:4 | Noticed Roxanne
 61208 | Spider:4 | Noticed Agnes
 61683 | Spider:4 | Noticed Arachne
 61748 | Spider:4 | Killed Agnes
 61926 | Spider:4 | Received a gift from Okawaru
 61940 | Spider:4 | HP: 3/140 [jumping spider (8)]
 61940 | Spider:4 | Slain by a jumping spider

Illustrated notes

Levels and vault maps discovered:
D:1:      dpeg_arrival_lava_altar, layout_rooms
D:2:      layout_loops_cross, minmay_box_of_dots
D:3:      lemuel_castle_with_subvaults [lemuel_castle_interior_carwin_2],
          layout_basic, hangedman_decor_diamond_cutter, uniq_crazy_yiuf_cottage
D:4:      layout_loops_ring, minmay_hollow_rounded_squares
D:5:      layout_loops_ring, lemuel_doored_altar, minivault_14
D:6:      layout_loops_ring, temple_doors_e, uniq_prince_ribbit1, uniq_grinder,
          uniq_maggie, uniq_eustachio
D:7:      layout_gridville, chequers_ossuary_entry_cave
D:8:      cheibrodos_quashed, layout_basic, uniq_pikel, uniq_maurice
D:9:      layout_layer_cave, uniq_erica
D:10:     layout_basic, lair_entry_dummy, enter_trove_5, ebering_ghost_gozag
D:11:     cheibrodos_breeding_chamber, layout_cave_pools, serial_glass,
          glass_columns_b, glass_columns_b, nicolae_shop_self_help
D:12:     nzn_winding_woodlands_three_and_one
          [nzn_winding_woodlands_5x15_crooked,
          nzn_winding_woodlands_5x15_jagged, nzn_winding_woodlands_5x15_garden,
          nzn_winding_woodlands_center_diamonds], layout_stronghold,
          hiddenorc2_lemuel, serial_glass, glass_columns_a, glass_columns_b,
          serial_shops, shop, uniq_azrael
D:13:     layout_basic, lightli_vaults_fourway_checkpoint, uniq_urug, uniq_snorg
D:14:     layout_roguey, gauntlet_entry_generic
D:15:     hangedman_depths_entry_try_elsewhere_first, layout_basic,
          hangedman_decor_opposing, st_stairs_6,
          nicolae_hepliaklqana_monster_ancestors
Temple:   minmay_crystal_snake_temple
Lair:1:   beast_lair_carwin_large_2, layout_regular_city, minmay_holes,
          serial_bayou_shore_b
Lair:2:   layout_cave_pods, wad_woods_01, uniq_harold, uniq_sonja
Lair:3:   layout_small_grid, gammafunk_ghost_split
Lair:4:   layout_gridlike, elwin_shoals_entry_stream,
          nicolae_spider_entry_tight_spaces, nicolae_quartered_pool_medium,
          uniq_rupert
Lair:5:   layout_regular_city, slime_altar_1
Lair:6:   minmay_lair_end_enchanted_forest, layout_regular_city,
          ebering_ghost_rock_garden, minmay_shattered_shrine, uniq_kirke
Spider:1: layout_spider_delve, nicolae_spider_checkerboard
Spider:2: spider_temple_joshua, hangedman_spider_tarantella_strand, uniq_nikola
Spider:3: layout_spider_delve
Spider:4: grunt_spider_rune_island, uniq_agnes, uniq_arachne, uniq_roxanne
Orc:1:    layout_diamond_mine, uniq_josephine, uniq_jorgrun
Orc:2:    st_orc_mages, layout_diamond_mine

Skill      XL: |  1  2  3  4  5  6  7  8  9 10 11 12 13 14 15 16 17 |
---------------+----------------------------------------------------+-----
Fighting       | 2 4 6 8 10 12 14 | 14.8
Summonings     | 5 6 8 10 12 15 | 15.0
Spellcasting   | 3 4 6 |  6.0
Stealth        | 2 3 4 |  4.0
Dodging        | 3 4 6 |  6.0
Polearms       | 6 8 11 12 16 18 20 | 20.0
Ice Magic      | 1 4 |  4.0
Invocations    | 4 7 8 10 | 10.0
Air Magic      | 4 |  4.0
Evocations     | 3 4 5 6 |  6.0

Action                   |  1- 3 |  4- 6 |  7- 9 | 10-12 | 13-15 | 16-18 || total
-------------------------+-------+-------+-------+-------+-------+-------++-------
Melee: Dagger            |    17 |       |    13 |       |       |       ||    30
       Short sword       |    63 |   186 |    22 |       |       |       ||   271
       Spear             |       |       |   254 |   667 |   418 |       ||  1339
       Punch             |       |       |       |     1 |     3 |       ||     4
       Glaive            |       |       |       |       |   940 |   604 ||  1544
 Fire: Hunting sling     |       |       |     2 |     5 |       |       ||     7
Throw: Dart              |       |       |       |     4 |     8 |       ||    12
 Cast: Summon Small Mamm |    20 |       |     1 |       |       |       ||    21
       Call Imp          |    25 |    54 |    26 |       |       |       ||   105
       Call Canine Famil |       |    17 |    31 |     6 |     7 |     2 ||    63
       Summon Ice Beast  |       |       |    19 |   136 |   211 |    28 ||   394
       Summon Guardian G |       |       |     1 |       |       |     1 ||     2
       Summon Lightning  |       |       |       |    18 |    58 |    17 ||    93
       Apportation       |       |       |       |       |     3 |       ||     3
Invok: Heroism           |       |       |       |     7 |    29 |    20 ||    56
       Finesse           |       |       |       |     2 |     2 |     2 ||     6
 Abil: Hop               |       |       |     2 |     5 |    13 |     3 ||    23
Evoke: Wand              |       |       |     1 |     3 |     6 |     4 ||    14
       Tin of tremorston |       |       |       |       |     3 |     1 ||     4
       Phantom mirror    |       |       |       |       |     2 |     1 ||     3
       Condenser vane    |       |       |       |       |       |     1 ||     1
  Use: Scroll            |     2 |     3 |    17 |     5 |    14 |     4 ||    45
       Potion            |     1 |       |     2 |     2 |     1 |     2 ||     8
 Stab: Distracted        |     1 |     2 |     4 |    12 |    22 |    16 ||    57
       Sleeping          |       |     1 |    11 |     9 |       |    12 ||    33
Armor: Robe              |    35 |       |       |       |       |       ||    35
       Ring mail         |     6 |    86 |    18 |       |       |       ||   110
       Leather armour    |       |       |    30 |   139 |    13 |       ||   182
       Scale mail        |       |       |       |       |   762 |   384 ||  1146
Dodge: Dodged            |    81 |   135 |   171 |   442 |   901 |   402 ||  2132

Table legend: (Time is in decaauts)
 A = Elapsed time spent in this place.
 B = Non-inter-level travel time spent in this place.
 C = Inter-level travel time spent in this place.
 D = Time resting spent in this place.
 E = Time spent auto-exploring this place.
 F = Levels seen in this place.
 G = Mean time per level.
                   A        B        C        D        E       F      G
               +--------+--------+--------+--------+--------+-----+--------+
         Total |  66143 |  60720 |   5423 |  20851 |  31166 |  30 | 2204.8 |
       Dungeon |  36539 |  33155 |   3384 |  12026 |  16396 |  15 | 2435.9 |
        Temple |    261 |    192 |     69 |      0 |    190 |   1 |  261.0 |
          Lair |  19159 |  17768 |   1391 |   6584 |   9211 |   6 | 3193.2 |
   Spider Nest |   5696 |   5269 |    427 |   1010 |   3580 |   4 | 1424.0 |
  Orcish Mines |   3298 |   3148 |    150 |    957 |   1261 |   2 | 1649.0 |
       Ossuary |    481 |    481 |      0 |    154 |    234 |   1 |  481.0 |
      Gauntlet |    707 |    707 |      0 |    119 |    292 |   1 |  707.0 |
               +--------+--------+--------+--------+--------+-----+--------+

Top non-repeatable levels by time:
    D:12: 5534 daAuts
  Lair:6: 4488 daAuts
  Lair:5: 4403 daAuts
     D:9: 3835 daAuts
     D:3: 3830 daAuts
    D:10: 3644 daAuts
  Lair:3: 2828 daAuts
  Lair:2: 2738 daAuts
     D:6: 2626 daAuts
  Lair:1: 2623 daAuts
     D:4: 2524 daAuts
Spider:2: 2262 daAuts
Spider:3: 2133 daAuts
   Orc:2: 2123 daAuts
    D:11: 2106 daAuts
